 Dungeon Crawl Stone Soup version 0.21.1-1-g345015f (webtiles) character file.

204 tidbits the Sneak (level 5, -2/37 HPs)
             Began as a Gnoll Enchanter on June 9, 2018.
             Slain by an orc
             ... wielding a +0 club
              (5 damage)
             ... on level 4 of the Dungeon.
             The game lasted 00:07:28 (815 turns).

tidbits the Sneak (Gnoll Enchanter)                  Turns: 815, Time: 00:07:29

Health: -2/37      AC:  4    Str: 11    XL:     5   Next: 82%
Magic:  7/12       EV: 15    Int: 18    God:
Gold:   174        SH:  0    Dex: 15    Spells: 5/14 levels left

rFire    . . .     SeeInvis .   m - +0 long sword
rCold    . . .     Gourm    .   (no shield)
rNeg     . . .     Faith    .   B - +0 robe
rPois    .         Spirit   .   (no helmet)
rElec    .         Reflect  .   (no cloak)
rCorr    .         Harm     .   G - +0 pair of gloves
MR       .....                  F - +0 pair of boots
Stlth    +++.......             (no amulet)
HPRegen  0.12/turn              (no ring)
MPRegen  0.13/turn              (no ring)

@: drained
A: distributed training, fangs 1, strong nose
a: no special abilities


You were on level 4 of the Dungeon.
You were not hungry.

You visited 1 branch of the dungeon, and saw 6 of its levels.

You collected 174 gold pieces.

Inventory:

Hand Weapons
 a - a +1 dagger
 b - a +0 dire flail of draining
   (You took it off Edmund on level 5 of the Dungeon)
 f - a +0 trident
 m - a +0 long sword (weapon)
Missiles
 g - 26 arrows
Armour
 B - a +0 robe (worn)
 F - a +0 pair of boots (worn)
 G - a +0 pair of gloves (worn)
Wands
 k - a wand of disintegration (10)
Scrolls
 j - 2 scrolls of blinking
 l - a scroll of enchant weapon
 n - a scroll of teleportation
Potions
 e - 2 potions of haste {unknown}
 i - a potion of mutation {unknown}
Books
 c - a book of Maledictions

   Spells                             Type                      Level
   a - Corona                         Hexes                        1
   b - Ensorcelled Hibernation        Hexes/Ice                    2
   c - Confuse                        Hexes                        3
   d - Tukima's Dance                 Hexes                        3
   e - Dazzling Spray                 Conjuration/Hexes            3
Comestibles
 d - 5 rations


   Skills:
 + Level 1.6(1.5) Fighting
 + Level 3.0 Short Blades
 + Level 1.6(1.5) Long Blades
 + Level 1.6(1.5) Axes
 + Level 1.6(1.5) Maces & Flails
 + Level 1.6(1.5) Polearms
 + Level 1.6(1.5) Staves
 + Level 1.6(1.5) Slings
 + Level 1.6(1.5) Bows
 + Level 1.6(1.5) Crossbows
 + Level 1.6(1.5) Throwing
 + Level 1.6(1.5) Armour
 + Level 4.8(4.7) Dodging
 + Level 6.2(6.1) Stealth
 + Level 1.6(1.5) Shields
 + Level 1.6(1.5) Unarmed Combat
 + Level 5.2(5.1) Spellcasting
 + Level 1.3(1.2) Conjurations
 + Level 5.6(5.5) Hexes
 + Level 1.3(1.2) Charms
 + Level 1.3(1.2) Summonings
 + Level 1.3(1.2) Necromancy
 + Level 1.3(1.2) Translocations
 + Level 1.3(1.2) Transmutations
 + Level 1.3(1.2) Fire Magic
 + Level 1.3(1.2) Ice Magic
 + Level 1.3(1.2) Air Magic
 + Level 1.3(1.2) Earth Magic
 + Level 1.3(1.2) Poison Magic
 + Level 1.8(1.7) Invocations
 + Level 1.6(1.5) Evocations


You had 5 spell levels left.
You knew the following spells:

 Your Spells              Type           Power        Failure   Level  Hunger
a - Corona                Hex            ###....      1%          1    None
c - Confuse               Hex            ###.....     4%          3    ##.....
d - Dazzling Spray        Conj/Hex       ###...       10%         3    ##.....
e - Ensorcelled Hibernat  Hex/Ice        ###...       4%          2    #......


Dungeon Overview and Level Annotations

Branches:
Dungeon (6/15)
 Temple: D:4-7

Altars:


Innate Abilities, Weirdness & Mutations

Your experience applies equally to all skills.
You have very sharp teeth.
Your uncanny sense of smell can sniff out nearby items.


Message History

b - a dire flail of draining;
m - a +0 long sword Wield which item (- for none, * to show all)? (? for menu, Esc to quit)
m - a +0 long sword (weapon)
Wield which item (- for none, * to show all)? (? for menu, Esc to quit)
You sense an unholy aura.
b - a +0 dire flail of draining (weapon)
You sock the jackal zombie!
You destroy the jackal zombie!
You see here a leather armour.
There is an open door here.
You see here a long sword.
You open the door.
There is an open door here.
Found 19 gold pieces.
Found a ration.
Wield which item (- for none, * to show all)? (? for menu, Esc to quit)
a - a +1 dagger (weapon)
Found a stone staircase leading up.
Found a ring mail.
You see here 19 gold pieces.
You now have 174 gold pieces (gained 19).
You see here a ration.
d - 5 rations (gained 1)
There is a stone staircase leading up here.
You climb upwards. 2 orcs come into view.
The orc moves out of view.
There is a stone staircase leading down here.
Casting: Confuse
Confirm with . or Enter, or press ? or * to list all spells.
Aiming: Ensorcelled Hibernation
Press: ? - help, Shift-Dir - straight line, f - orc
Aim: an orc (hasn't noticed you, chance to defeat MR: 64%)
The orc shouts!
The orc looks drowsy...
You hear a shout! x2
An orc wizard comes into view. It is wielding a dagger.
An orc comes into view. It is wielding a club.
The helpless orc fails to defend itself.
You impale the orc!!
You kill the orc!
Unknown command.
The orc wizard gestures wildly while chanting.
The orc wizard flickers and vanishes!
Things that are here:
a scroll of teleportation; an orc corpse
n - a scroll of teleportation You hear some strange, mumbled words.
You are confused.
You feel better.
You hear some strange, mumbled words.
A puff of flame appears from out of thin air!
The puff of flame hits you!
An adder skeleton comes into view.
Unknown command.
Casting: Ensorcelled Hibernation
Confirm with . or Enter, or press ? or * to list all spells.
Aiming: Corona
Press: ? - help, Shift-Dir - straight line, f - orc
Aim: an orc, wielding a club (chance to defeat MR: 79%) Nothing appears to happen.
You hear some strange, mumbled words.
You are confused.
Wield which item (- for none, * to show all)? (? for menu, Esc to quit)
m - a +0 long sword (weapon)
You bump into the rock wall.
An orc wizard comes into view. It is wielding a dagger.
The orc misses you. Something hits you.
* * * LOW HITPOINT WARNING * * *
The orc wizard moves out of view.
Unknown command.
You hit the orc.
The orc is heavily wounded.
Something barely misses you. The orc barely misses you.
The orc wizard shouts!
You hit the orc.
You kill the orc!
Something hits you.
* * * LOW HITPOINT WARNING * * *
The orc wizard gestures wildly while chanting.
The orc wizard flickers and vanishes!
Unknown command.
You hit the orc.
The orc is severely wounded.
The orc hits you but does no damage.
Something hits you but does no damage. x2
The orc misses you.
You're too confused to move!
You feel less confused. Something hits you but does no damage.
You closely miss the orc.
The orc is severely wounded.
The orc hits you with a club.
* * * LOW HITPOINT WARNING * * *
You hear some strange, mumbled words.
A puff of flame appears from out of thin air!
The puff of flame hits you!
* * * LOW HITPOINT WARNING * * *
The orc hits you with a club.
You die...

#. . #.
#.## ####..
... ##....
#####.##..#
#.......>#
..###.†###
##@# #o#
#Z# #.# #.#
∆ ... #.#
#..


You could see an orc and an adder skeleton.

Vanquished Creatures
  Edmund (D:5)
  3 adders (D:3)
  2 worms (D:3)
  4 dart slugs
  A leopard gecko (D:3)
  5 orcs
  A ball python (D:3)
  A giant cockroach (D:3)
  3 hobgoblins
  6 kobolds
  4 bats
  4 frilled lizards (D:1)
  6 goblins
  A jackal zombie (D:5)
  2 rats (D:3)
44 creatures vanquished.

Notes
Turn   | Place    | Note
-------+----------+-------------------------------------------
     0 | D:1      | tidbits the Gnoll Enchanter began the quest for the Orb.
     0 | D:1      | Reached XP level 1. HP: 13/13 MP: 6/6
   206 | D:1      | Reached XP level 2. HP: 19/19 MP: 5/7
   217 | D:1      | Learned a level 2 spell: Ensorcelled Hibernation
   423 | D:3      | Reached XP level 3. HP: 25/25 MP: 6/9
   425 | D:3      | Reached skill level 5 in Spellcasting
   437 | D:3      | Learned a level 3 spell: Confuse
   441 | D:3      | Learned a level 3 spell: Dazzling Spray
   455 | D:3      | Reached skill level 6 in Stealth
   471 | D:3      | Reached skill level 1 in Invocations
   511 | D:3      | Reached skill level 1 in Fighting
   511 | D:3      | Reached skill level 1 in Long Blades
   511 | D:3      | Reached skill level 1 in Axes
   511 | D:3      | Reached skill level 1 in Maces & Flails
   511 | D:3      | Reached skill level 1 in Polearms
   511 | D:3      | Reached skill level 1 in Staves
   511 | D:3      | Reached skill level 1 in Slings
   511 | D:3      | Reached skill level 1 in Bows
   511 | D:3      | Reached skill level 1 in Crossbows
   511 | D:3      | Reached skill level 1 in Throwing
   511 | D:3      | Reached skill level 1 in Armour
   511 | D:3      | Reached skill level 1 in Shields
   511 | D:3      | Reached skill level 1 in Unarmed Combat
   511 | D:3      | Reached skill level 1 in Evocations
   523 | D:3      | Reached XP level 4. HP: 32/32 MP: 0/11
   643 | D:3      | You fall through a shaft!
   643 | D:4      | Noticed a phantom
   721 | D:5      | Entered Level 5 of the Dungeon
   747 | D:5      | Noticed Edmund
   765 | D:5      | Killed Edmund
   765 | D:5      | Reached skill level 3 in Short Blades
   765 | D:5      | Reached skill level 1 in Conjurations
   765 | D:5      | Reached skill level 1 in Charms
   765 | D:5      | Reached skill level 1 in Summonings
   765 | D:5      | Reached skill level 1 in Necromancy
   765 | D:5      | Reached skill level 1 in Translocations
   765 | D:5      | Reached skill level 1 in Transmutations
   765 | D:5      | Reached skill level 1 in Fire Magic
   765 | D:5      | Reached skill level 1 in Ice Magic
   765 | D:5      | Reached skill level 1 in Air Magic
   765 | D:5      | Reached skill level 1 in Earth Magic
   765 | D:5      | Reached skill level 1 in Poison Magic
   765 | D:5      | Reached XP level 5. HP: 15/37 MP: 4/12
   815 | D:4      | HP: 3/37 [something/puff of flame (7)]
   815 | D:4      | Slain by an orc

Skill      XL: |  1  2  3  4 |
---------------+-------------+-----
Spellcasting   | 5 |  5.2
Stealth        | 6 |  6.2
Invocations    | 1 |  1.8
Fighting       | 1 |  1.6
Long Blades    | 1 |  1.6
Axes           | 1 |  1.6
Maces & Flails | 1 |  1.6
Polearms       | 1 |  1.6
Staves         | 1 |  1.6
Slings         | 1 |  1.6
Bows           | 1 |  1.6
Crossbows      | 1 |  1.6
Throwing       | 1 |  1.6
Armour         | 1 |  1.6
Shields        | 1 |  1.6
Unarmed Combat | 1 |  1.6
Evocations     | 1 |  1.6
Short Blades   | 3 |  3.0
Conjurations   | 1 |  1.3
Charms         | 1 |  1.3
Summonings     | 1 |  1.3
Necromancy     | 1 |  1.3
Translocations | 1 |  1.3
Transmutations | 1 |  1.3
Fire Magic     | 1 |  1.3
Ice Magic      | 1 |  1.3
Air Magic      | 1 |  1.3
Earth Magic    | 1 |  1.3
Poison Magic   | 1 |  1.3
Dodging        | |  4.8
Hexes          | |  5.6

Action                   |  1- 3 |  4- 6 || total
-------------------------+-------+-------++-------
Melee: Dagger            |    44 |     8 ||    52
       Bite              |     4 |       ||     4
       Long sword        |     8 |    16 ||    24
       Dire flail        |       |     1 ||     1
 Cast: Corona            |    16 |     1 ||    17
       Ensorcelled Hiber |    11 |     7 ||    18
       Confuse           |       |     2 ||     2
Evoke: Wand              |       |     5 ||     5
  Use: Scroll            |       |     4 ||     4
       Potion            |       |     2 ||     2
 Stab: Sleeping          |    16 |     7 ||    23
Armor: Robe              |    13 |     8 ||    21
Dodge: Dodged            |    46 |    20 ||    66
       Rpst.: Long sword |     2 |     2 ||     4

Table legend:
 A = Turns spent in this place as a percentage of turns spent in the entire game.
 B = Non-inter-level travel turns spent in this place as a percentage of non-inter-level travel turns spent in the entire game.
 C = Inter-level travel turns spent in this place as a percentage of turns spent in this place.
 D = Turns resting spent in this place as a percentage of non-inter-level travel turns spent in this place.
 E = Turns spent auto-exploring this place as a percentage of non-inter-level travel turns spent in this place.
 F = Non-inter-level travel turns spent in this place divided by the number of levels of this place that you've seen.
                   A       B       C       D       E      F
               +-------+-------+-------+-------+-------+----------------------
         Total | 100.0 | 100.0 |   3.4 |   0.0 |   0.0 | 131.2
       Dungeon | 100.0 | 100.0 |   3.4 |   0.0 |   0.0 | 131.2
               +-------+-------+-------+-------+-------+----------------------

Table legend:
 A = Kills in this place as a percentage of kills in entire the game.
 B = Kills by you in this place as a percentage of kills by you in the entire game.
 C = Kills by friends in this place as a percentage of kills by friends in the entire game.
 D = Other kills in this place as a percentage of other kills in the entire game.
 E = Experience gained in this place as a percentage of experience gained in the entire game.
 F = Experience gained in this place divided by the number of levels of this place that you have seen.
                   A       B       C       D       E      F
               +-------+-------+-------+-------+-------+----------------------
         Total | 100.0 | 100.0 |   N/A |   N/A | 100.0 |  48.7
       Dungeon | 100.0 | 100.0 |   N/A |   N/A | 100.0 |  48.7
               +-------+-------+-------+-------+-------+----------------------

Vault maps used:
D:1:      giann_horns
D:3:      first_ration
D:4:      minmay_temple_entry_poolview, serial_shops, shop_statue
D:5:      lemuel_doored_altar, lemuel_crystal_altar, grunt_temple_overflow_open,
          serial_shops, shop, hangedman_decor_diamond_cutter,
          lemuel_blue_sif_altar, uniq_edmund
D:6:      okawaru_trees_1, basic_altar, xom_teletrap_fun
